 Dungeon Crawl Stone Soup version 0.31-a0-968-g24f9ace8b5 (webtiles) character file.

Game seed: 14325574355624928405

8826 GortTheUntimely the Cleaver (level 11, -3/97 HPs)
             Began as a Hill Orc Fighter on Oct 27, 2023.
             Was a High Priest of Okawaru.
             Killed by nerve-wracking pain
             ... invoked by an orc priest
              (7 damage)
             ... on level 10 of the Dungeon on Oct 28, 2023.
             The game lasted 01:30:00 (9788 turns).

GortTheUntimely the Cleaver (Hill Orc Fighter)      Turns: 9788, Time: 01:30:00

Health: -3/97      AC: 14    Str: 30    XL:     11   Next: 36%
Magic:  11/11      EV: 12    Int:  8    God:    Okawaru [*****.]
Gold:   689        SH:  6    Dex: 17    Spells: 10/10 levels left

rFire   . . .        v - +3 hand axe "Gouqejin" {drain, Contam rC+ Str+4 Dex+3}
rCold   + . .        c - +0 buckler
rNeg    . . .        b - +0 scale mail
rPois   .            L - +1 hat {Stlth+}
rElec   .            N - +2 cloak
rCorr   .            A - +0 pair of gloves
SInv    .            (no boots)
Will    .....        (no amulet)
Stlth   ++           e - +6 ring of strength
HPRegen 0.36/turn    h - +4 ring of slaying
MPRegen 0.12/turn

%: no passive effects
@: about to teleport
A: no striking features
a: Renounce Religion, Convert to Beogh, Heroism, Finesse, Duel


You were on level 10 of the Dungeon.
You worshipped Okawaru.
Okawaru was extremely pleased with you.
You visited 1 branch of the dungeon, and saw 10 of its levels.
You also visited: Sewer.

You collected 806 gold pieces.
You paid 117 gold pieces to Gozag.

Inventory:

Hand Weapons
 o - a -1 demon whip of venom
 t - a +3 whip of draining
 v - the +3 hand axe "Gouqejin" (weapon) {drain, Contam rC+ Str+4 Dex+3}
   (You found it on level 5 of the Dungeon)

   Str+4:     It affects your strength (+4).
   Dex+3:     It affects your dexterity (+3).
   rC+:       It protects you from cold.
   Contam:    It causes magical contamination when unequipped.
 x - a +0 flail of protection
Missiles
 d - 2 curare-tipped darts
 g - 16 boomerangs (quivered)
 j - 55 stones
 n - 15 poisoned darts
 p - 2 darts of dispersal
 B - 6 large rocks
 M - 2 silver javelins
Armour
 b - a +0 scale mail (worn)
 c - a +0 buckler (worn)
 A - a +0 pair of gloves (worn)
 L - a +1 hat of stealth (worn)
 N - a +2 cloak (worn)
Jewellery
 e - a +6 ring of strength (left hand)
 h - a +4 ring of slaying (right hand)
 i - a ring of protection from cold
 z - a +5 ring of evasion
 F - a ring of ice
Wands
 l - a wand of flame (12)
 r - a wand of roots (16)
 H - a wand of mindburst (9)
Scrolls
 a - a scroll of identify
 y - a scroll of poison
 D - a scroll of blinking
 G - a scroll of immolation
 J - a scroll of revelation
 K - a scroll of enchant armour {unknown}
Potions
 f - 3 potions of enlightenment
 k - 2 potions of berserk rage
 m - a potion of brilliance {unknown}
 q - 3 potions of mutation
 s - a potion of haste
 u - a potion of magic
 w - 2 potions of invisibility
 C - a potion of curing {unknown}
 I - a potion of degeneration {unknown}


   Skills:
 + Level 9.1 Fighting
 + Level 13.7 Axes
 + Level 10.1 Armour
 + Level 4.6 Dodging
 + Level 1.7 Stealth
 + Level 7.0 Shields
 + Level 1.0 Evocations


You had 10 spell levels left.
You didn't know any spells.
Your spell library contained the following spells:

 Spells                   Type           Power      Damage    Failure   Level
 Apportation              Tloc           0%         N/A       65%         1
 Freeze                   Ice            0%         1d3       65%         1
 Necrotise                Necr           0%         1d4       65%         1
 Sting                    Tmut/Pois      0%         1d3       65%         1
 Poisonous Vapours        Pois/Air       0%         N/A       80%         2
 Dazzling Flash           Conj/Hex       0%         N/A       95%         3
 Frozen Ramparts          Ice            0%         1d1       95%         3
 Hailstorm                Conj/Ice       0%         3d3       95%         3
 Vampiric Draining        Necr           0%         2d6       95%         3
 Olgreb's Toxic Radiance  Pois           0%         N/A       100%        4
 Agony                    Necr           0%         N/A       100%        5
 Silence                  Hex/Air        0%         N/A       100%        5
 Summon Small Mammal      Summ           Unusable   N/A       N/A         1

Dungeon Overview and Level Annotations

Branches:
Dungeon (10/15)            Temple (0/1) D:4           Sewer (visited)
   Lair: D:8-11         Orc: D:9-12

Altars:
Fedhas
Gozag
Hepliaklqana
Makhleb
Okawaru
Qazlal
Ru
Uskayaw
Xom
Yredelemnul
The Shining One

Shops:
D:6 **   D:7 *


Message History

Beogh smites you!
* * * LOW HITPOINT WARNING * * *
The orc closely misses you. You block the orc's attack.
You hear a shout!
You hit the orc but do no damage. You hit the orc.
You hear a shout!
The orc hits you but does no damage.
There is a stone staircase leading up here.
Your attacks no longer feel as feeble.
You block the orc's attack. The orc attacks as it pursues you!
The orc barely misses you.
You barely miss the orc.
The orc priest threatens, "By the altar or by the axe, you will meet Beogh!"
You hit the orc.
The orc is heavily wounded.
You hit the orc.
You kill the orc!
Okawaru accepts your kill.
You slash the orc!
You kill the orc!
The orc priest calls down the wrath of Beogh upon you.
Pain shoots through your body!
* * * LOW HITPOINT WARNING * * *
The orc priest miscasts a cantrip.
Things that are here:
a +0 glaive; a +0 chain mail
Items here: )) [[ ††.
Your extra speed is starting to run out.
You feel yourself slow down.
A yak comes into view.
The orc priest hits you with a +0 hand axe.
* * * LOW HITPOINT WARNING * * *
As you read the scroll of teleportation, it crumbles to dust.
You feel strangely unstable. The orc priest closely misses you.
You hit the orc priest.
The orc priest is moderately wounded.
The orc priest shouts, "Join the one true god or die!"
The orc priest calls down the wrath of Beogh upon you.
Pain shoots through your body!
You die...

#.#.# #.#.###
#.#...## #......
#.#.....##
#.#......
#.#....######
#.#...).).o@#
#.#.....##.##
#.#.)...##.#
#.#)#.#.#..#
#.o<#.#.#.#.......
.........#.#.#.
.#..Y..
...........#... ..
....
...........(...
>.. .##
.##............
.... ..


You could see an orc priest.

Vanquished Creatures
  Gastronok (D:9)
  A two-headed ogre (D:9)
  A tengu warrior (D:8)
  Amaemon (D:10)
  The ghost of Hubris850 the Martial Artist, a novice OpSh of Gozag (D:7)
  A cyclops (D:10)
  A manticore (D:8)
  Maurice (D:9)
  An orange demon (D:10)
  Prince Ribbit (D:7)
  A hornet (D:8)
  A wraith (D:9)
  A shadow (D:8)
  2 steam dragons (D:7)
  Edmund (D:4)
  Duvessa (D:7)
  A water moccasin (D:9)
  3 sky beasts
  An orc warrior (D:10)
  An ice beast (D:5)
  2 ogres
  5 centaurs
  2 phantoms
  4 kobold brigands
  4 bullfrogs
  A gnoll sergeant (D:9)
  2 scorpions (D:6)
  Dowan (D:7)
  10 killer bees (D:9)
  A hound (D:5)
  2 gnoll boudas
  An orc priest (D:4)
  A jelly (D:4)
  2 iguanas
  2 orc wizards
  14 gnolls
  7 adders
  3 river rats (Sewer)
  4 ufetubi
  2 worms
  3 dart slugs
  37 orcs
  16 ball pythons
  5 endoplasms
  5 giant cockroaches
  6 goblins
  3 hobgoblins
  4 jackals
  14 kobolds
  A quokka (D:4)
  7 frilled lizards
  5 rats
199 creatures vanquished.

Notes
Turn   | Place    | Note
-------+----------+-------------------------------------------
     0 | D:1      | GortTheUntimely the Hill Orc Fighter began the quest for
                  | the Orb.
     0 | D:1      | Reached XP level 1. HP: 19/19 MP: 1/1
   286 | D:1      | Reached XP level 2. HP: 26/27 MP: 2/2
   484 | D:1      | Reached skill level 3 in Axes
   646 | D:1      | Found a faded altar of an unknown god.
   832 | D:2      | Reached XP level 3. HP: 33/33 MP: 3/3
  1852 | D:3      | Reached XP level 4. HP: 40/40 MP: 4/4
  1853 | D:3      | Reached skill level 4 in Axes
  2312 | D:3      | Found a shimmering altar of Xom.
  2765 | D:4      | Found a blossoming altar of Fedhas.
  2825 | D:4      | Found a hide-covered altar of Uskayaw.
  2844 | D:4      | Found a staircase to the Ecumenical Temple.
  2867 | D:4      | Reached XP level 5. HP: 26/46 MP: 5/5
  2899 | D:4      | Found a glowing golden altar of the Shining One.
  2902 | D:4      | Found a basalt altar of Yredelemnul.
  2961 | D:4      | Found a stormy altar of Qazlal.
  2992 | D:4      | Reached skill level 5 in Axes
  2998 | D:4      | HP: 1/46 [orc/+0 trident (5)]
  3013 | D:4      | HP: 1/46 [orc/+0 trident (4)]
  3035 | D:5      | Entered Level 5 of the Dungeon
  3041 | D:5      | Identified the +3 hand axe "Gouqejin" {drain, Contam rC+
                  | Str+4 Dex+3}
  3069 | D:5      | Noticed a centaur
  3093 | D:4      | HP: 2/46 [orc/+0 trident (6)]
  3132 | D:4      | Noticed an angel
  3146 | D:4      | Noticed a profane servitor
  3232 | D:4      | Found a glowing drain.
  3240 | Sewer    | Entered a sewer
  3246 | Sewer    | Noticed a kobold brigand
  3259 | Sewer    | Killed a kobold brigand
  3260 | Sewer    | Reached XP level 6. HP: 52/53 MP: 6/6
  3343 | Sewer    | Reached skill level 6 in Axes
  3343 | Sewer    | Reached skill level 1 in Dodging
  3406 | Sewer    | Reached skill level 5 in Armour
  4009 | D:4      | Reached XP level 7. HP: 60/60 MP: 7/7
  4016 | D:4      | Noticed Edmund
  4035 | D:4      | Killed Edmund
  4061 | D:4      | Reached skill level 5 in Fighting
  4061 | D:4      | Reached skill level 7 in Axes
  4210 | D:4      | Found an opulent altar of Gozag.
  4215 | D:4      | Became a worshipper of Gozag Ym Sagoz the Greedy
  4437 | D:5      | Reached XP level 8. HP: 49/69 MP: 8/8
  4791 | D:5      | Reached skill level 8 in Axes
  5162 | D:6      | Found a hazy altar of Hepliaklqana.
  5319 | D:6      | Found an iron altar of Okawaru.
  5329 | D:6      | Fell from the grace of Gozag
  5329 | D:6      | Became a worshipper of Warmaster Okawaru
  5673 | D:6      | Found Ewoprext's Assorted Antiques.
  5764 | D:6      | Found Ybidd's Elemental Accessories.
  5900 | D:7      | Noticed Prince Ribbit
  5924 | D:7      | Killed Prince Ribbit
  5925 | D:7      | Reached skill level 9 in Axes
  5925 | D:7      | Reached skill level 1 in Stealth
  5925 | D:7      | Reached skill level 5 in Shields
  5925 | D:7      | Reached XP level 9. HP: 65/75 MP: 9/9
  6127 | D:7      | Found a runed translucent door.
  6132 | D:7      | Noticed Hubris850's ghost (novice OpSh)
  6150 | D:7      | Killed Hubris850's ghost
  6150 | D:7      | Reached * piety under Okawaru
  6151 | D:7      | Reached skill level 10 in Axes
  6543 | D:7      | Found Zyarhefe's Fire Supplies.
  6729 | D:7      | Noticed Duvessa
  6729 | D:7      | Noticed Dowan
  6744 | D:7      | Killed Dowan
  6745 | D:7      | Killed Duvessa
  6973 | D:7      | Reached ** piety under Okawaru
  7088 | D:7      | Reached skill level 11 in Axes
  7438 | D:8      | Was forgiven by Gozag
  7537 | D:8      | Noticed a tengu warrior
  7568 | D:8      | Killed a tengu warrior
  7569 | D:8      | Reached XP level 10. HP: 18/86 MP: 10/10
  7787 | D:8      | Noticed a manticore
  7796 | D:8      | Killed a manticore
  8058 | D:8      | Reached *** piety under Okawaru
  8388 | D:8      | Found a sacrificial altar of Ru.
  8561 | D:9      | Upgraded the game from 0.31-a0-965-g8a8ce12e04 to
                  | 0.31-a0-968-g24f9ace8b5
  8786 | D:9      | Reached skill level 12 in Axes
  8814 | D:9      | Found a burning altar of Makhleb.
  8954 | D:9      | Noticed Gastronok
  8978 | D:9      | Killed Gastronok
  8978 | D:9      | Reached **** piety under Okawaru
  8991 | D:9      | Noticed a two-headed ogre
  9000 | D:9      | HP: 4/90 [two-headed ogre/+0 giant spiked club (16)]
  9029 | D:9      | Killed a two-headed ogre
  9029 | D:9      | Reached ***** piety under Okawaru
  9030 | D:9      | Reached skill level 13 in Axes
  9030 | D:9      | Reached XP level 11. HP: 24/95 MP: 11/11
  9608 | D:9      | Noticed Maurice
  9616 | D:9      | Something stole a ring of protection from cold
  9618 | D:9      | Something stole a +3 whip of draining
  9621 | D:9      | Something stole 2 darts of dispersal
  9627 | D:9      | Something stole 677 gold
  9635 | D:9      | Killed Maurice
  9635 | D:9      | Received a gift from Okawaru
  9688 | D:10     | Entered Level 10 of the Dungeon
  9688 | D:10     | Noticed Amaemon
  9691 | D:10     | Noticed a cyclops
  9720 | D:10     | Killed a cyclops
  9721 | D:10     | Reached skill level 10 in Armour
  9725 | D:10     | Killed Amaemon
  9726 | D:10     | Reached skill level 1 in Evocations
  9768 | D:10     | HP: 2/97 [orc priest/nerve-wracking pain (14)]
  9785 | D:10     | HP: 3/97 [orc priest/+0 hand axe (4)]
  9788 | D:10     | Killed from afar by an orc priest

Illustrated notes

Levels and vault maps discovered:
D:1:      roderic_crop_circles_arrival_small, layout_rooms,
          hellmonk_ecumenical_altar_arch_garden
D:2:      layout_loops_corners, minmay_misc_feat_more_columns
D:3:      layout_loops_ring, mainiacjoe_overflow_cross_hatched
D:4:      layout_basic, grunt_temple_overflow_holy_war,
          mainiacjoe_overflow_alcove_4, amcnicky_altar_gilded,
          old_standard_altar, fedhas_ov_isle_minmay,
          minmay_temple_entry_statues_fountains,
          mainiacjoe_sewer_entry_somewhere_in_here_2,
          kennysheep_generic_room_10, uniq_edmund
D:5:      layout_gridville
D:6:      layout_rooms, okawaru_gym_becter, lemuel_tele_altar, serial_shops,
          shop, minmay_misc_feat_ornament, chequers_serial_rivers_micro_d,
          dk_vineyard_2, nicolae_elemental_shop, hangedman_decor_peaks_small,
          roderic_lattice_a, amcnicky_mini_corridor_feature
D:7:      layout_layer_cave, ebering_ghost_reflecting_pool,
          nicolae_shop_fire_sale [nicolae_sub_dead_trees],
          hangedman_decor_riveting, uniq_duvessa, uniq_prince_ribbit1
D:8:      layout_loops_ring, nicolae_ru_sacrificial_ziggurat, minmay_three_doors
D:9:      layout_basic, lemuel_crystal_altar, uniq_gastronok, uniq_maurice
D:10:     layout_basic, mainiacjoe_overflow_surrounded_room, lair_entry_dummy,
          erik_orc_4, uniq_amaemon, uniq_grum, uniq_fannar, uniq_snorg

Skill      XL: |  1  2  3  4  5  6  7  8  9 10 11 |
---------------+----------------------------------+-----
Axes           | 3 4 5 6 7 9 11 13 | 13.7
Fighting       | 4 5 6 7 8 9 |  9.1
Armour         | 4 5 6 7 8 9 10 | 10.1
Dodging        | 1 2 3 4 |  4.6
Shields        | 4 5 6 7 |  7.0
Stealth        | 1 |  1.7
Evocations     | 1 |  1.0

Action                     |  1- 3 |  4- 6 |  7- 9 | 10-12 || total
---------------------------+-------+-------+-------+-------++-------
  Melee: War axe           |   227 |    69 |       |       ||   296
         Hand axe          |       |    99 |   224 |   178 ||   501
  Evoke: Wand              |       |       |       |     5 ||     5
    Use: Scroll            |     2 |     7 |     4 |     6 ||    19
         Potion            |       |     1 |     3 |     4 ||     8
 Armour: Scale mail        |    59 |    77 |   166 |    95 ||   397
  Dodge: Dodged            |    35 |    69 |    94 |    70 ||   268
  Block: Buckler           |    17 |    30 |    60 |    43 ||   150

Table legend: (Time is in decaauts)
 A = Elapsed time spent in this place.
 B = Non-inter-level travel time spent in this place.
 C = Inter-level travel time spent in this place.
 D = Time resting spent in this place.
 E = Time spent auto-exploring this place.
 F = Levels seen in this place.
 G = Mean time per level.
                   A        B        C        D        E       F      G
               +--------+--------+--------+--------+--------+-----+--------+
         Total |   9943 |   9591 |    352 |    195 |      0 |  11 |  903.9 |
       Dungeon |   9335 |   8983 |    352 |    195 |      0 |  10 |  933.5 |
         Sewer |    608 |    608 |      0 |      0 |      0 |   1 |  608.0 |
               +--------+--------+--------+--------+--------+-----+--------+

Top non-repeatable levels by time:
     D:7: 1312 daAuts
     D:8: 1179 daAuts
     D:4: 1105 daAuts
     D:9: 1101 daAuts
     D:2: 1051 daAuts
     D:6: 1001 daAuts
     D:3: 879 daAuts
     D:1: 869 daAuts
     D:5: 768 daAuts
   Sewer: 608 daAuts
    D:10: 68 daAuts
